 Dungeon Crawl Stone Soup version 0.20-a0-681-gf83e07f (webtiles) character file.

11312 graki42 the Thaumaturge (level 11, -5/51 HPs)
             Began as a Deep Elf Fire Elementalist on Feb 18, 2017.
             Was an Elder of Vehumet.
             Slain by a black mamba (14 damage)
             ... on level 3 of the Lair of Beasts.
             The game lasted 00:56:11 (11308 turns).

graki42 the Thaumaturge (DEFE)                     Turns: 11308, Time: 00:56:12

Health: -5/51      AC:  6    Str: 10    XL:     11   Next: 47%
Magic:  30/30      EV: 15    Int: 25    God:    Vehumet [****..]
Gold:   728        SH:  0    Dex: 17    Spells: 17/37 levels left

rFire    + . .     SeeInvis .   b - +2 halberd (venom)
rCold    + . .     Gourm    .   q - +1 robe {Archmagi}
rNeg     . . .     Faith    .   (shield currently unavailable)
rPois    +         Spirit   .   (helmet restricted)
rElec    .         Reflect  .   y - +0 cloak
rCorr    .         Harm     .   (no gloves)
MR       ++...                  (no boots)
Stlth    +.........             E - amulet of regeneration
Regen    0.6/turn               N - ring "Deennoekh" {rF+ rC+ MR+ Int+4 Dex+2}
MPRegen  0.3/turn               D - ring of poison resistance

@: confused
A: antennae 1, yellow scales 1, frail 1, strong 1
a: Renounce Religion


You were on level 3 of the Lair of Beasts.
You worshipped Vehumet.
Vehumet was greatly pleased with you.
You were not hungry.

You visited 3 branches of the dungeon, and saw 14 of its levels.
You also visited: Ossuary.

You collected 728 gold pieces.

Inventory:

Hand Weapons
 b - a +2 halberd of venom (weapon)
Missiles
 L - 2 throwing nets (quivered)
Armour
 q - a +1 robe of the Archmagi (worn)
 y - a +0 cloak (worn)
Jewellery
 j - an uncursed ring of protection from fire
 l - an uncursed ring of protection from cold
 w - an uncursed ring of protection from magic
 D - a ring of poison resistance (left hand)
 E - an amulet of regeneration (around neck)
 N - the ring "Deennoekh" (right hand) {rF+ rC+ MR+ Int+4 Dex+2}
   (You found it on level 9 of the Dungeon)

   [ring of protection from cold]

   It affects your intelligence (+4).
   It affects your dexterity (+2).
   It protects you from fire.
   It protects you from cold.
   It affects your resistance to hostile enchantments.
Wands
 m - a wand of iceblast (9/15)
Scrolls
 e - 9 scrolls of remove curse
 k - 3 scrolls of identify
 n - a scroll of amnesia
 s - a scroll of teleportation
 C - 2 scrolls of enchant armour
Potions
 a - a potion of flight
 f - 4 potions of brilliance
 g - 6 potions of curing
 h - 3 potions of cancellation
 i - 5 potions of heal wounds
 v - a potion of haste
 z - 3 potions of resistance
Books
 d - a book of Conjurations

   Spells                             Type                      Level
   a - Magic Dart                     Conjuration                  1
   b - Searing Ray                    Conjuration                  2
   c - Dazzling Spray                 Conjuration/Hexes            3
   d - Fulminant Prism                Conjuration/Hexes            4
   e - Force Lance                    Conjuration/Translocation    4
   f - Iskenderun's Mystic Blast      Conjuration                  4
 J - a book of Maledictions

   Spells                             Type                      Level
   a - Corona                         Hexes                        1
   b - Ensorcelled Hibernation        Hexes/Ice                    2
   c - Confuse                        Hexes                        3
   d - Tukima's Dance                 Hexes                        3
   e - Dazzling Spray                 Conjuration/Hexes            3
Miscellaneous
 M - a phantom mirror
Comestibles
 c - 9 bread rations
 o - 12 meat rations
 p - a chunk of flesh
 r - 3 royal jellies
 u - 8 fruits


   Skills:
 + Level 2.0 Fighting
 + Level 1.9 Polearms
 + Level 4.7 Dodging
 + Level 5.7 Stealth
 + Level 13.7 Spellcasting
 + Level 9.9 Conjurations
 + Level 4.6 Hexes
 + Level 10.4 Fire Magic


You had 17 spell levels left.
You knew the following spells:

 Your Spells              Type           Power        Failure   Level  Hunger
a - Flame Tongue          Conj/Fire      #####        1%          1    None
b - Conjure Flame         Conj/Fire      #######.     1%          3    None
c - Inner Flame           Hex/Fire       ######..     1%          3    None
d - Sticky Flame          Conj/Fire      #######.     1%          4    None
e - Fireball              Conj/Fire      #######...   1%          5    ##.....
f - Fulminant Prism       Conj/Hex       ######....   1%          4    None


Dungeon Overview and Level Annotations

Branches:
Dungeon (10/15)            Temple (1/1) D:5            Lair (3/6) D:8
  Swamp: Lair:2-4    Shoals: Lair:2-4     Snake: Lair:2-4    Spider: Lair:2-4
    Orc: D:9-12

Altars:
Ashenzari
Cheibriados
Dithmenos
Elyvilon
Fedhas
Gozag
Hepliaklqana
Kikubaaqudgha
Makhleb
Nemelex Xobeh
Okawaru
Qazlal
Ru
Sif Muna
Trog
Uskayaw
Vehumet
Xom
Yredelemnul
Zin
The Shining One

Shops:
D:9 *


Innate Abilities, Weirdness & Mutations

You have a pair of small antennae on your head.
You are partially covered in yellow scales. (AC +2)
You are frail. (-10% HP)
Your muscles are strong. (Str +2)


Message History

The black mamba is covered in liquid flames!
The black mamba burns!
The black mamba misses you. The black mamba bites you.
The hippogriff bites you. The hippogriff closely misses you.
The hippogriff claws you.
The black mamba burns!
The black mamba barely misses you.
The black mamba burns!
The black mamba completely misses you.
The black mamba burns!
The black mamba barely misses you.
You are confused.
You feel invigorated.
The black mamba burns!
The black mamba stops burning.
The black mamba closely misses you. The black mamba misses you.
The black mamba bites you!
You closely miss the black mamba.
The black mamba is severely wounded.
The black mamba bites you! The hippogriff bites you.
* * * LOW HITPOINT WARNING * * *
The hippogriff pecks you.
* * * LOW HITPOINT WARNING * * *
The hippogriff claws you but does no damage.
The black mamba bites you!
You die...

#. #.+###
###.....#
###........#.
P......##..#
##..#....#..##.
#..............
##@S#.....#..##
##.#.H#..8.8.....#
#.......[.....#
##.+......<...#
#.#..............
. #.)##.8.8.##...
# ##..#........ .
#............
#..##...#..##


You could see a hippogriff and a black mamba.

Vanquished Creatures
  A hydra (Lair:1)
  The ghost of graki42 the Thaumaturge, a novice DEFE of Vehumet (D:9)
  Pikel (D:6)
  The ghost of esc the Ruffian, a novice VSMo (D:4)
  3 spiny frogs
  4 komodo dragons
  A rime drake (Lair:1)
  Prince Ribbit (D:6)
  A hippogriff (Lair:2)
  A hornet (D:8)
  2 hungry ghosts
  5 water moccasins
  6 porcupines
  Duvessa (D:6)
  A hornet zombie (D:9)
  An orc warrior (D:8)
  3 sky beasts
  A slave (D:6)
  A phantom (D:4)
  A black bear (Lair:2)
  An eye of draining (D:9)
  6 necrophages
  5 ogres
  4 centaurs
  2 crocodiles
  10 bullfrogs
  The ghost of WereVolvo the Sneak, an amateur VSEn (D:3)
  Dowan (D:6)
  A wyvern zombie (D:9)
  9 wights
  2 howler monkeys
  5 bullfrog zombies
  5 crimson imps
  3 hounds
  A quasit (D:9)
  2 bullfrog skeletons
  A centaur zombie (D:4)
  A jelly (D:6)
  2 orc priests (D:7)
  A centaur skeleton (D:9)
  Jessica (D:2)
  6 iguanas
  Ijyb (D:2)
  Terence (D:2)
  4 orc wizards
  7 worker ants
  3 big kobold zombies (Ossuary)
  A hound skeleton (D:6)
  2 mummies (Ossuary)
  3 howler monkey zombies
  3 worker ant zombies
  Robin (D:4)
  8 gnolls
  11 adders
  2 howler monkey skeletons
  6 adder zombies
  An adder skeleton (D:4)
  2 worms (D:2)
  A dart slug (D:2)
  4 leopard geckos
  30 orcs
  4 ball pythons
  11 bats
  2 bat zombies (D:5)
  2 giant cockroaches
  18 goblins
  5 hobgoblins
  17 jackals
  8 kobolds
  3 quokkas
  A ball python zombie (D:4)
  6 frilled lizards
  2 giant cockroach zombies (D:4)
  A goblin zombie (Ossuary)
  10 hobgoblin zombies (Ossuary)
  2 jackal zombies
  10 kobold zombies (Ossuary)
  A leopard gecko skeleton (D:4)
  2 leopard gecko zombies
  9 orc zombies (Ossuary)
  2 quokka zombies
  A rat (D:2)
  3 rat zombies
  7 bushes (D:9)
  2 plants (D:9)
327 creatures vanquished.

Vanquished Creatures (others)
  A fire vortex (D:6)
  4 fulminant prisms
  2 plants (D:9)
7 creatures vanquished.

Grand Total: 334 creatures vanquished

Notes
Turn   | Place    | Note
-------+----------+-------------------------------------------
     0 | D:1      | graki42 the Deep Elf Fire Elementalist began the quest for the Orb.
     0 | D:1      | Reached XP level 1. HP: 10/10 MP: 6/6
   199 | D:1      | Reached XP level 2. HP: 15/15 MP: 0/8
   735 | D:1      | Reached XP level 3. HP: 19/19 MP: 8/10
   741 | D:1      | Learned a level 3 spell: Conjure Flame
   745 | D:1      | Learned a level 3 spell: Inner Flame
   964 | D:2      | Reached skill level 4 in Spellcasting
  1045 | D:2      | Noticed Ijyb
  1217 | D:2      | Found an opulent altar of Gozag.
  1224 | D:2      | Noticed Terence
  1238 | D:2      | Killed Terence
  1238 | D:2      | Reached XP level 4. HP: 24/24 MP: 0/12
  1459 | D:2      | Noticed Jessica
  1463 | D:2      | Killed Jessica
  1516 | D:2      | Killed Ijyb
  1516 | D:2      | Reached skill level 5 in Spellcasting
  1516 | D:2      | Reached XP level 5. HP: 28/28 MP: 7/14
  1651 | D:3      | Noticed WereVolvo's ghost (amateur VSEn)
  1719 | D:3      | Gained mutation: You are dopey. (Int -2) [potion of mutation]
  1719 | D:3      | Gained mutation: You have an increased reservoir of magic. (+10% MP) [potion of mutation]
  1720 | D:3      | Lost mutation: You are dopey. (Int -2) [potion of mutation]
  1720 | D:3      | Lost mutation: You have an increased reservoir of magic. (+10% MP) [potion of mutation]
  1720 | D:3      | Gained mutation: You have an increased reservoir of magic. (+10% MP) [potion of mutation]
  1720 | D:3      | Gained mutation: You have very sharp teeth. [potion of mutation]
  1721 | D:3      | Lost mutation: You have very sharp teeth. [potion of mutation]
  1721 | D:3      | Lost mutation: You have an increased reservoir of magic. (+10% MP) [potion of mutation]
  1721 | D:3      | Gained mutation: You are frail. (-10% HP) [potion of mutation]
  1721 | D:3      | Gained mutation: You have a pair of small horns on your head. [potion of mutation]
  1721 | D:3      | Gained mutation: You are partially covered in yellow scales. (AC +2) [potion of mutation]
  1856 | D:3      | Killed WereVolvo's ghost
  2256 | D:3      | Learned a level 4 spell: Sticky Flame
  2384 | D:3      | Reached XP level 6. HP: 28/28 MP: 12/16
  2430 | D:4      | Noticed esc's ghost (novice VSMo)
  2432 | D:4      | Reached skill level 6 in Spellcasting
  2432 | D:4      | Reached skill level 5 in Fire Magic
  2630 | D:4      | Found a sacrificial altar of Ru.
  3081 | D:4      | Noticed Robin
  3093 | D:4      | Killed Robin
  3148 | D:4      | Reached XP level 7. HP: 15/32 MP: 3/18
  3363 | D:4      | Reached skill level 1 in Hexes
  3516 | D:4      | Learned a level 5 spell: Fireball
  3564 | D:4      | Reached skill level 7 in Spellcasting
  3577 | D:4      | Found a snail-covered altar of Cheibriados.
  3584 | D:4      | Found a glowing golden altar of the Shining One.
  3808 | D:4      | Killed esc's ghost
  3808 | D:4      | Reached XP level 8. HP: 29/36 MP: 9/21
  3914 | D:4      | Reached skill level 8 in Spellcasting
  4012 | D:5      | Entered Level 5 of the Dungeon
  4042 | D:5      | Found a white marble altar of Elyvilon.
  4197 | D:5      | Found an ancient bone altar of Kikubaaqudgha.
  4560 | D:5      | Found a staircase to the Ecumenical Temple.
  4586 | Temple   | Entered the Ecumenical Temple
  4651 | Temple   | Became a worshipper of Vehumet
  4738 | D:6      | Noticed Prince Ribbit
  4745 | D:6      | Killed Prince Ribbit
  4745 | D:6      | Reached skill level 5 in Conjurations
  4764 | D:6      | Noticed Duvessa
  4828 | D:6      | Noticed Dowan
  4849 | D:6      | Killed Duvessa
  4849 | D:6      | Killed Dowan
  5000 | D:6      | Noticed Pikel
  5007 | D:6      | Reached skill level 9 in Spellcasting
  5010 | D:6      | Killed Pikel
  5010 | D:6      | Reached skill level 1 in Polearms
  5010 | D:6      | Reached XP level 9. HP: 16/41 MP: 1/24
  5332 | D:6      | Reached skill level 5 in Stealth
  5527 | D:6      | Found a burning altar of Makhleb.
  5641 | D:6      | Found an iron altar of Okawaru.
  5642 | D:6      | Found a bloodstained altar of Trog.
  5820 | D:6      | Reached skill level 10 in Spellcasting
  6336 | D:7      | Reached * piety under Vehumet
  6336 | D:7      | Offered knowledge of Sandblast by Vehumet.
  6379 | D:7      | Reached skill level 1 in Fighting
  6405 | D:7      | Found a deep blue altar of Sif Muna.
  6564 | D:7      | Noticed a hand axe
  6565 | D:7      | Noticed a hand axe
  6570 | D:7      | Found a hide-covered altar of Uskayaw.
  6736 | D:7      | Reached skill level 11 in Spellcasting
  7254 | D:8      | Found a sand-covered staircase.
  7265 | Ossuary  | Entered an ossuary
  7280 | Ossuary  | Reached ** piety under Vehumet
  7325 | Ossuary  | Offered knowledge of Magic Dart by Vehumet.
  7615 | D:8      | Reached XP level 10. HP: 42/46 MP: 22/27
  7667 | D:8      | Found a staircase to the Lair.
  7753 | D:8      | Offered knowledge of Throw Frost by Vehumet.
  7808 | D:8      | Gained mutation: You are very frail. (-20% HP) [mutagenic meat]
  7809 | D:8      | Lost mutation: You are very frail. (-20% HP) [potion of mutation]
  7809 | D:8      | Lost mutation: You have a pair of small horns on your head. [potion of mutation]
  7809 | D:8      | Gained mutation: Your muscles are strong. (Str +2) [potion of mutation]
  7809 | D:8      | Gained mutation: You have a pair of small antennae on your head. [potion of mutation]
  7835 | D:8      | Reached *** piety under Vehumet
  8437 | D:9      | Found Hyqog's General Store.
  8539 | D:9      | Got a brightly glowing silver ring
  8608 | D:9      | Offered knowledge of Static Discharge by Vehumet.
  8624 | D:9      | Learned a level 3 spell: Dazzling Spray
  8671 | D:9      | Identified the ring "Deennoekh" {rF+ rC+ MR+ Int+4 Dex+2} (You found it on level 9 of the Dungeon)
  8689 | D:9      | Noticed graki42's ghost (novice DEFE)
  8695 | D:10     | Entered Level 10 of the Dungeon
  8770 | D:9      | Killed graki42's ghost
  8770 | D:9      | Reached skill level 12 in Spellcasting
  8865 | D:9      | Found a blossoming altar of Fedhas.
  9124 | D:9      | Found a burning altar of Makhleb.
  9355 | Lair:1   | Entered Level 1 of the Lair of Beasts
  9374 | Lair:1   | Reached **** piety under Vehumet
  9622 | Lair:1   | Offered knowledge of Lightning Bolt by Vehumet.
  9626 | Lair:1   | Noticed a six-headed hydra
  9629 | Lair:1   | Killed a six-headed hydra
  9629 | Lair:1   | Reached skill level 13 in Spellcasting
  9629 | Lair:1   | Reached XP level 11. HP: 51/51 MP: 6/30
  9867 | Lair:1   | Reached skill level 10 in Fire Magic
 10794 | Lair:2   | Learned a level 4 spell: Fulminant Prism
 11308 | Lair:3   | Slain by a black mamba

Vault maps used:
D:1:      mainiacjoe_arrival_reflecting_pool, minivault_19,
          minmay_split_cup_large
D:2:      overflow_temple_1_default, grunt_decor_arrowhead, uniq_iyjb,
          uniq_jessica, uniq_terence
D:3:      first_bread, kennysheep_generic_room_8
D:4:      amethyst_overflow_temple_binary, serial_undead, serial_undead_a,
          serial_undead_d, serial_undead_b, serial_undead_f, serial_undead_c,
          serial_undead_e, serial_undead_c, serial_undead_e,
          hangedman_ru_absence, uniq_robin
D:5:      elyvilon_altar_5, lemuel_zombie_altar_kikubaaqudgha,
          minmay_temple_entry_enclosed_plants, minmay_stone_trees_medium,
          kennysheep_nub, serial_bayou_crossing
D:6:      grunt_temple_overflow_bloody_war, makhleb_blood_cavern_becter,
          uniq_pikel, uniq_prince_ribbit1, uniq_duvessa
D:7:      dancing_weapons_uskayaw, lemuel_blue_sif_altar, grunt_ogre_cave
D:8:      lair_entry_dummy, enter_ossuary_4
D:9:      marbit_many_paths, fedhas_altar_decomposition, serial_shops,
          nicolae_shop_behind_doors
D:10:     orc_0_dummy
Temple:   dpeg_three_leaves_temple
Lair:1:   beast_lair_carwin_8
Lair:3:   swamp_mist, spider_nest_entry_funnel_web, st_stairs_4,
          grunt_megastairs_2, serial_bayou_shore_b, serial_bayou_shore_a
Ossuary:  ossuary_tomb_1

Skill      XL: |  1  2  3  4  5  6  7  8  9 10 11 |
---------------+----------------------------------+-----
Fire Magic     | 4 5 6 7 8 9 10 | 10.4
Spellcasting   | 4 5 6 7 9 11 13 | 13.7
Stealth        | 3 4 5 |  5.7
Conjurations   | 2 3 4 6 7 9 |  9.9
Dodging        | 3 4 |  4.7
Hexes          | 2 3 4 |  4.6
Polearms       | 1 |  1.9
Fighting       | 1 2 |  2.0

Action                   |  1- 3 |  4- 6 |  7- 9 | 10-12 || total
-------------------------+-------+-------+-------+-------++-------
Melee: Halberd           |       |       |    29 |     8 ||    37
       Headbutt          |       |       |     2 |       ||     2
 Cast: Flame Tongue      |    64 |   101 |   218 |   159 ||   542
       Conjure Flame     |     2 |     5 |     8 |     5 ||    20
       Inner Flame       |     2 |     4 |     9 |     6 ||    21
       Sticky Flame      |       |     1 |    18 |    31 ||    50
       Fireball          |       |       |    14 |    17 ||    31
       Dazzling Spray    |       |       |       |     5 ||     5
       Fulminant Prism   |       |       |       |     4 ||     4
Evoke: Wand              |       |       |     1 |       ||     1
  Use: Scroll            |       |     4 |     6 |    14 ||    24
       Potion            |       |     4 |       |     2 ||     6
 Stab: Sleeping          |       |       |     1 |     3 ||     4
  Eat: Chunk             |       |     7 |    16 |    14 ||    37
       Fruit             |       |       |       |     2 ||     2
Armor: Robe              |     3 |     7 |    19 |    20 ||    49
Dodge: Dodged            |     7 |    28 |    56 |    57 ||   148
